 Dungeon Crawl Stone Soup version 0.30.0-10-gfe55d96785 (webtiles) character file.

Game seed: 6217255062113953003

95 domi the Chopper (level 4, 0/41 HPs)
             Began as a Hill Orc Monk on May 15, 2023.
             Slain by an orc
             ... wielding a +0 hand axe
              (5 damage)
             ... on level 3 of the Dungeon.
             The game lasted 00:01:58 (1939 turns).

domi the Chopper (Hill Orc Monk)                    Turns: 1939, Time: 00:01:58

Health: 0/41       AC:  2    Str: 15    XL:     4   Next: 65%
Magic:  4/4        EV: 12    Int: 10    God:
Gold:   68         SH:  0    Dex: 13    Spells: 3/3 levels left

rFire   . . .        a - +0 hand axe
rCold   . . .        d - orb {light}
rNeg    . . .        b - +0 robe
rPois   .            (no helmet)
rElec   .            (no cloak)
rCorr   .            (no gloves)
SInv    .            (no boots)
Will    .....        e - amulet of regeneration {+regen, !d}
Stlth   +            (no ring)
HPRegen 1.06/turn    (no ring)
MPRegen 0.09/turn

%: no passive effects
@: glowing
A: no striking features
a: no special abilities


You were on level 3 of the Dungeon.
You visited 1 branch of the dungeon, and saw 3 of its levels.

You collected 68 gold pieces.

Inventory:

Hand Weapons
 a - a +0 hand axe (weapon)
 n - the +3 mace of Bursted Defence {drain, rC+ Will+ Int+2}
   (You found it on level 2 of the Dungeon)

   Int:       It affects your intelligence (+2).
   rC:        It protects you from cold.
   Will:      It increases your willpower.
Missiles
 l - 6 poisoned darts
 m - a throwing net {=f, !d=f}
Armour
 b - a +0 robe (worn)
 d - an orb of light (worn)
Jewellery
 e - an amulet of regeneration (around neck) {+regen, !d}
   (You found it on level 1 of the Dungeon)
Scrolls
 f - a scroll of vulnerability {unknown}
 g - 3 scrolls of identify {unknown}
 h - a scroll of noise {unknown}
 i - a scroll of blinking {unknown}
 k - a scroll of immolation {unknown}
 p - a scroll of fear {unknown}
 q - a scroll of magic mapping {unknown}
 s - a scroll of poison {unknown}
Potions
 c - a potion of ambrosia {!q}
 j - a potion of berserk rage {unknown}
 o - a potion of magic {unknown}
 r - 2 potions of curing {unknown}


   Skills:
 + Level 4.4 Fighting
 * Level 5.6 Axes
 + Level 2.0 Armour
 - Level 2.4 Dodging


You had 3 spell levels left.
You didn't know any spells.
Your spell library was empty.

Dungeon Overview and Level Annotations

Branches:
Dungeon (3/15)

Altars:


Message History

You hit the adder.
You kill the adder!
No target in view!
There is a fountain of clear blue water here.
You open the door.
A dart slug comes into view.
There is an open door here.
You hit the dart slug but do no damage. You hit the dart slug but do no damage.
The dart slug barely misses you.
You hit the dart slug. The dart slug barely misses you.
You hit the dart slug.
The dart slug bites you but does no damage.
You hit the dart slug.
You kill the dart slug!
No target in view!
No target in view!
An endoplasm comes into view.
The endoplasm quivers.
The endoplasm jiggles.
You hear the slow rusting of a very distant drain.
You hit the endoplasm.
You kill the endoplasm!
No target in view!
No target in view!
No target in view!
No target in view!
q - a scroll labelled MOUGEU JYAREAM As you open the door, it creaks loudly!
Found a stone staircase leading up.
There is an open door here.
A goblin comes into view. It is wielding a +0 dagger.
There is a stone staircase leading up here.
As you open the door, it creaks loudly!
There is an open door here.
The goblin hits you with a +0 dagger.
You barely miss the goblin. The goblin barely misses you.
You barely miss the goblin. The goblin hits you but does no damage.
You hit the goblin.
You kill the goblin!
r - 2 bubbling clear potions
There is a stone staircase leading up here.
Things that are here:
a +0 dagger; a goblin corpse
There is an open door here.
You hear the slow rusting of a very distant drain.
An orc comes into view. It is wielding a +0 dagger.
The orc shouts!
Found a stone staircase leading down.
The orc closely misses you.
You hit the orc. The orc misses you.
You slash the orc!
You kill the orc!
Things that are here:
a +0 dagger; an orc corpse
s - a scroll labelled GEUCRY SOQOI 2 orcs come into view.
The orc shouts!
An orc comes into view. It is wielding a +0 hand axe.
The orc shouts!
An orc comes into view. It is wielding a +0 dagger.
A goblin comes into view. It is wielding a +0 dagger.
The goblin shouts!
The orc shouts!
An orc comes into view. It is wielding a +0 whip.
The orc shouts!
The orc closely misses you.
You hit the orc. You hit the orc but do no damage. The orc barely misses you.
The orc hits you with a +0 flail.
You hit the orc. You hit the orc but do no damage. The orc misses you.
The orc completely misses you.
You barely miss the orc. You hit the orc. You completely miss the orc.
The orc hits you with a +0 mace!
You hit the orc but do no damage. You hit the orc.
You kill the orc!
You barely miss the orc. You hit the orc but do no damage.
You barely miss the goblin. The orc hits you with a +0 mace.
The orc closely misses you. The goblin misses you.
The orc hits you with a +0 whip. The orc hits you with a +0 mace.
The orc closely misses you. The orc hits you with a +0 dagger.
The goblin closely misses you.
You hit the orc. x2; You completely miss the goblin.
You hit the orc but do no damage. You hit the orc.
The orc hits you with a +0 mace. The orc hits you with a +0 whip.
The orc closely misses you. The goblin barely misses you.
The orc hits you with a +0 dagger.
You hit the orc. x3; You barely miss the orc.
You hit the goblin.
You kill the goblin!
The orc closely misses you. The orc misses you.
The orc hits you with a +0 whip. The orc completely misses you.
Your Armour skill increases to level 2!
You hit the orc.
You kill the orc!
You hit the orc but do no damage. You barely miss the orc. x2
The orc misses you. The orc hits you with a +0 mace.
* * * LOW HITPOINT WARNING * * *
The orc hits you with a +0 dagger.
* * * LOW HITPOINT WARNING * * *
You hit the orc.
You kill the orc!
You hit the orc. You hit the orc but do no damage.
The orc hits you with a +0 hand axe.
You die...

#.# #.. #.#
#.. #.# #..
#.# #.. #.#
#.. #.# #
#..
#.####+#..#
#..
#.o).....#
+..
#..@)....#
## #..
#.o).....#
.......
#....##+#.#
##.#####
#....# #..
...# #....#
#..#.#.#
#....#
#......
#....#.
#....#
#...##.#
##'## ...##
###...###


You could see 2 orcs.

Vanquished Creatures
  4 adders
  A worm (D:2)
  A dart slug (D:3)
  5 orcs (D:3)
  7 ball pythons
  5 endoplasms
  2 giant cockroaches
  3 hobgoblins (D:2)
  6 jackals
  2 quokkas (D:2)
  A bat (D:2)
  2 frilled lizards (D:1)
  4 goblins
  3 kobolds
  4 rats
50 creatures vanquished.

Notes
Turn   | Place    | Note
-------+----------+-------------------------------------------
     0 | D:1      | domi the Hill Orc Monk began the quest for the Orb.
     0 | D:1      | Reached XP level 1. HP: 19/19 MP: 1/1
   143 | D:1      | Reached XP level 2. HP: 27/27 MP: 2/2
   701 | D:1      | Found a faded altar of an unknown god.
   738 | D:1      | Reached skill level 1 in Armour
  1003 | D:2      | Reached skill level 4 in Fighting
  1139 | D:2      | Reached XP level 3. HP: 33/33 MP: 3/3
  1168 | D:2      | Reached skill level 5 in Axes
  1275 | D:2      | Reached XP level 4. HP: 32/40 MP: 4/4
  1313 | D:2      | Identified the +3 mace of Bursted Defence {drain, rC+ Will+
                  | Int+2}
  1938 | D:3      | Reached skill level 2 in Armour
  1938 | D:3      | HP: 8/41 [orc/+0 mace (6)]
  1939 | D:3      | Slain by an orc

Illustrated notes

Levels and vault maps discovered:
D:1:      ncdulo_smallfort, layout_loops_corners,
          dreamdust_ecumenical_altar_statues, chequers_decorated_corner,
          minmay_misc_feat_x, serial_bayou_crossing
D:2:      layout_basic, grunt_decor_one_mirror
D:3:      layout_basic, portal_sewer_entry_e, grunt_ministairs_13

Skill      XL: |  1  2  3  4 |
---------------+-------------+-----
Armour         | 1 2 |  2.0
Fighting       | 4 |  4.4
Axes           | 5 |  5.6
Dodging        | |  2.4

Action                     |  1- 3 |  4- 6 || total
---------------------------+-------+-------++-------
  Melee: Hand axe          |    94 |    51 ||   145
 Armour: Robe              |     9 |    10 ||    19
  Dodge: Dodged            |    58 |    39 ||    97

Levels and vault maps discovered:
D:1:      ncdulo_smallfort, layout_loops_corners,
          dreamdust_ecumenical_altar_statues, chequers_decorated_corner,
          minmay_misc_feat_x, serial_bayou_crossing
D:2:      layout_basic, grunt_decor_one_mirror
D:3:      layout_basic, portal_sewer_entry_e, grunt_ministairs_13

Table legend: (Time is in decaauts)
 A = Elapsed time spent in this place.
 B = Non-inter-level travel time spent in this place.
 C = Inter-level travel time spent in this place.
 D = Time resting spent in this place.
 E = Time spent auto-exploring this place.
 F = Levels seen in this place.
 G = Mean time per level.
                   A        B        C        D        E       F      G
               +--------+--------+--------+--------+--------+-----+--------+
         Total |   1956 |   1905 |     51 |      0 |   1523 |   3 |  652.0 |
       Dungeon |   1956 |   1905 |     51 |      0 |   1523 |   3 |  652.0 |
               +--------+--------+--------+--------+--------+-----+--------+

Top non-repeatable levels by time:
     D:1: 979 daAuts
     D:2: 836 daAuts
     D:3: 140 daAuts

Table legend:
 A = Kills in this place as a percentage of kills in the entire game.
 B = Kills by you in this place as a percentage of kills by you in the entire game.
 C = Kills by friends in this place as a percentage of kills by friends in the entire game.
 D = Other kills in this place as a percentage of other kills in the entire game.
 E = Experience gained in this place as a percentage of experience gained in the entire game.
 F = Experience gained in this place divided by the number of levels of this place that you have seen.
                   A       B       C       D       E      F
               +-------+-------+-------+-------+-------+----------------------
         Total | 100.0 | 100.0 |   N/A |   N/A | 100.0 |  46.3
       Dungeon | 100.0 | 100.0 |   N/A |   N/A | 100.0 |  46.3
               +-------+-------+-------+-------+-------+----------------------
